AoeStats
← 游先生的游戏机

Arena

509816411Analyzed
1v1 RM · 3d ago on Sep 28, 2026· 40m 9s· 2 players
Game mode
Random Map
Map size
Tiny (2 player)
Population
200
Speed
Normal
Resources
Standard
Victory
Conquest
Starting age
Dark Age
Ending age
Imperial Age
RankedLock teamsTeams togetherTeam positionsShared explorationLock speedFull tech treeHidden civsTurbo modeCheats
Victory
Defeat
🇺🇸 Franks · United States
817
+16
🇨🇳 Slavs · China
817
-16
游先生的游戏机
2:36 Loom
10:42 Feudal Age
12:14 Wheelbarrow
11:28 Double-Bit Axe
11:28 Horse Collar
12:10 Gold Mining
15:44 Stone Mining
23:05 Castle Age
21:40 Fletching
23:03 Scale Barding Armor
23:09 Forging
23:01 Scale Mail Armor
23:35 Pikeman
24:16 Squires
26:09 Bodkin Arrow
26:28 Bow Saw
26:21 Heavy Plow
28:15 Ballistics
28:50 Hand Cart
29:40 Detinets
29:39 Murder Holes
31:04 Gold Shaft Mining
36:26 Imperial Age
34:20 Masonry
34:46 Fortified Wall
35:57 Chain Mail Armor
36:18 Iron Casting
35:38 Town Watch
37:33 Conscription
37:42 Man-at-Arms
40:07 Siege Engineers
41:00 Hoardings
TerrorTerp24
5:18 Loom
10:50 Feudal Age
11:27 Double-Bit Axe
12:32 Town Watch
13:53 Stone Mining
15:02 Gold Mining
16:35 Wheelbarrow
21:07 Castle Age
21:08 Scale Barding Armor
21:14 Forging
21:58 Bow Saw
21:54 Husbandry
23:42 Chain Barding Armor
25:08 Hand Cart
26:59 Gold Shaft Mining
27:17 Town Patrol
32:37 Imperial Age
30:18 Fletching
31:06 Iron Casting
33:09 Bodkin Arrow
33:15 Scale Mail Armor
35:33 Blast Furnace
35:40 Conscription
36:22 Chain Mail Armor
37:29 Ordonnance Companies
Connection lost

Rejoining the realm…

Still unreachable

The connection could not be restored.

Session expired

The server has moved on; the page needs a fresh start.